 Dungeon Crawl Stone Soup version 0.26-a0-683-g5206c1d7ac (webtiles) character file.

Game seed: 1890050430006415181

160 grandjackal the Skirmisher (level 5, 0/63 HPs)
             Began as a Demonspawn Monk on Oct 22, 2020.
             Succumbed to an adder's poison
             ... on level 3 of the Dungeon.
             The game lasted 00:02:41 (3154 turns).

grandjackal the Skirmisher (Demonspawn Monk)        Turns: 3154, Time: 00:02:41

Health: 0/63       AC:  2    Str: 12      XL:     5   Next: 17%
Magic:  3/5        EV: 13    Int: 11 (12) God:
Gold:   51         SH:  0    Dex: 15      Spells: 4/4 levels left

rFire    . . .     SeeInvis .   e - +0 flail (vorpal)
rCold    . . .     Faith    .   (no shield)
rNeg     . . .     Spirit   +   b - +0 robe
rPois    .         Reflect  .   (no helmet)
rElec    .         Harm     .   (no cloak)
rCorr    .         Rampage  .   (no gloves)
MR       .....                  (no boots)
Stlth    ..........             (no amulet)
HPRegen  0.20/turn              (no ring)
MPRegen  0.09/turn              (no ring)

@: berserking, lethally poisoned (0 -> -3), very quick
A: talons 1, magic shield
a: no special abilities


You were on level 3 of the Dungeon.
You visited 1 branch of the dungeon, and saw 3 of its levels.

You collected 51 gold pieces.

Inventory:

Hand Weapons
 a - a +0 hand axe
 e - a +0 vorpal flail (weapon)
Armour
 b - a +0 robe (worn)
Scrolls
 c - 3 scrolls of remove curse {unknown}
 d - a scroll of identify {unknown}
 k - a scroll of teleportation {unknown}
Potions
 g - a potion of magic {unknown}
 h - a potion of haste {unknown}
 i - a potion of resistance {unknown}
 j - a potion of heal wounds {unknown}


   Skills:
 + Level 4.1 Fighting
 + Level 3.6 Axes
 + Level 2.2 Armour
 - Level 3.0 Dodging
 - Level 1.7 Stealth


You had 4 spell levels left.
You didn't know any spells.
Your spell library was empty.

Dungeon Overview and Level Annotations

Branches:
Dungeon (3/15)

Altars:
Ashenzari


Innate Abilities, Weirdness & Mutations

You have sharp toenails.
When hurt, damage is shared between your health and your magic reserves.


Message History

You barely miss the goblin.
* * * LOW HITPOINT WARNING * * *
You feel sick. The goblin hits you with a +0 club.
* * * LOW HITPOINT WARNING * * *
You barely miss the goblin.
* * * LOW HITPOINT WARNING * * *
You feel sick. The goblin closely misses you.
Unknown command.
It was a potion of berserk rage.
A red film seems to cover your vision as you go berserk!
You feel yourself moving faster!
You feel mighty! The goblin hits you but does no damage.
You hit the goblin.
You kill the goblin!
* * * LOW HITPOINT WARNING * * *
You feel sick.
Things that are here:
a +0 club; a goblin corpse You feel a strong urge to attack something.
You die...

##############
#.........@).#
#.##########.#
#.# #..)#
####.######
#.#.#
#.........#
..#.#
#.##.####.#
#.# # #.##.#
.. ... #.##.#
## #.# #.##.#
..#


There were no monsters in sight!

Vanquished Creatures
  A bullfrog skeleton (D:3)
  3 gnolls
  3 adders
  2 worms
  4 dart slugs
  4 leopard geckos
  6 bats
  3 giant cockroaches
  9 hobgoblins
  7 jackals (D:2)
  5 kobolds
  A ball python (D:3)
  4 frilled lizards
  4 goblins
  2 rats
58 creatures vanquished.

Vanquished Creatures (others)
  A plant (D:2)
1 creature vanquished.

Grand Total: 59 creatures vanquished

Notes
Turn   | Place    | Note
-------+----------+-------------------------------------------
     0 | D:1      | grandjackal the Demonspawn Monk began the quest for the
                  | Orb.
     0 | D:1      | Reached XP level 1. HP: 18/18 MP: 1/1
   460 | D:1      | Gained mutation: When hurt, damage is shared between your
                  | health and your magic reserves. [demonic ancestry]
   460 | D:1      | Reached XP level 2. HP: 24/24 MP: 2/2
  1167 | D:1      | Reached skill level 1 in Armour
  1192 | D:1      | Reached XP level 3. HP: 27/29 MP: 0/3
  1746 | D:2      | Found a broken altar of Ashenzari.
  2113 | D:1      | Reached XP level 4. HP: 10/36 MP: 4/4
  2971 | D:3      | Reached skill level 4 in Fighting
  3029 | D:3      | Gained mutation: You have sharp toenails. [demonic
                  | ancestry]
  3029 | D:3      | Reached XP level 5. HP: 42/42 MP: 5/5
  3149 | D:3      | HP: 2/42 [goblin/+0 club (3)]
  3154 | D:3      | Succumbed to an adder's poison

Illustrated notes

Levels and vault maps discovered:
D:1:      minmay_arrival_shoal_huts, layout_basic
D:2:      layout_rooms, lemuel_coloured_pillars_altar, roderic_lattice_a,
          serial_bayou_ford_a, minmay_misc_feat_ornament
D:3:      layout_loops_ring, biasface_ghost_orc_armoury,
          minmay_randomly_rotated_circles, uniq_robin

Skill      XL: |  1  2  3  4 |
---------------+-------------+-----
Dodging        | 3 |  3.0
Axes           | 3 |  3.6
Armour         | 1 2 |  2.2
Fighting       | 4 |  4.1
Stealth        | |  1.7

Action                   |  1- 3 |  4- 6 || total
-------------------------+-------+-------++-------
Melee: Hand axe          |   154 |       ||   154
       Flail             |       |    75 ||    75
       Kick              |       |     1 ||     1
  Use: Potion            |     2 |     1 ||     3
 Stab: Sleeping          |     5 |     2 ||     7
Armor: Robe              |    46 |     9 ||    55
Dodge: Dodged            |   104 |    51 ||   155

Table legend: (Time is in decaauts)
 A = Elapsed time spent in this place.
 B = Non-inter-level travel time spent in this place.
 C = Inter-level travel time spent in this place.
 D = Time resting spent in this place.
 E = Time spent auto-exploring this place.
 F = Levels seen in this place.
 G = Mean time per level.
                   A        B        C        D        E       F      G
               +--------+--------+--------+--------+--------+-----+--------+
         Total |   3210 |   3178 |     32 |    829 |   1782 |   3 | 1070.0 |
       Dungeon |   3210 |   3178 |     32 |    829 |   1782 |   3 | 1070.0 |
               +--------+--------+--------+--------+--------+-----+--------+

Top non-repeatable levels by time:
     D:1: 1509 daAuts
     D:2: 1330 daAuts
     D:3: 369 daAuts
